 Dungeon Crawl Stone Soup version 0.27-a0-1597-ge58577e147 (webtiles) character file.

Game seed: 1018936410877837971

497 IndexError the Chiller (level 7, -2/50 HPs)
             Began as a Gnoll Ice Elementalist on July 21, 2021.
             Slain by Tutankhamun's ghost (9 damage)
             ... on level 4 of the Dungeon.
             The game lasted 00:08:15 (5407 turns).

IndexError the Chiller (Gnoll Ice Elementalist)     Turns: 5407, Time: 00:08:16

Health: -2/50      AC: 11    Str:  7    XL:     7   Next: 15%
Magic:  9/15       EV: 14    Int: 16    God:
Gold:   222        SH:  0    Dex: 13    Spells: 8/17 levels left

rFire    . . .     SeeInvis .   a - +1 mace (vorpal)
rCold    . . .     Faith    .   (no shield)
rNeg     . . .     Spirit   .   l - +0 robe
rPois    .         Reflect  .   e - +0 helmet
rElec    .         Harm     .   h - +0 cloak
rCorr    .         Rampage  .   (no gloves)
Will     .....                  (no boots)
Stlth    +++.......             (no amulet)
HPRegen  0.16/turn              (no ring)
MPRegen  0.14/turn              (no ring)

@: ice-armoured, freezing walls
A: fangs 1, strong nose, distributed training
a: no special abilities


You were on level 4 of the Dungeon.
You visited 1 branch of the dungeon, and saw 4 of its levels.

You collected 222 gold pieces.

Inventory:

Hand Weapons
 a - a +1 vorpal mace (weapon)
   (You took it off an orc on level 3 of the Dungeon)
 b - a +0 dagger
   (You took it off a goblin on level 1 of the Dungeon)
Armour
 e - a +0 helmet (worn)
   (You found it on level 1 of the Dungeon)
 h - a +0 cloak (worn)
   (You found it on level 2 of the Dungeon)
 l - a +0 robe (worn)
Scrolls
 c - a scroll of vulnerability {unknown}
 d - 5 scrolls of teleportation {unknown}
 i - a scroll of identify {unknown}
 k - a scroll of noise {unknown}
 m - a scroll of enchant armour {unknown}
 n - a scroll of amnesia {unknown}
Potions
 f - 3 potions of curing {unknown}
 g - a potion of heal wounds {unknown}
 j - 2 potions of ambrosia {unknown}
 o - a potion of attraction {unknown}


   Skills:
 + Level 2.3 Fighting
 + Level 2.3 Short Blades
 + Level 2.3 Long Blades
 + Level 2.3 Axes
 + Level 2.3 Maces & Flails
 + Level 2.3 Polearms
 + Level 2.3 Staves
 + Level 2.3 Slings
 + Level 2.3 Bows
 + Level 2.3 Crossbows
 + Level 2.3 Throwing
 + Level 2.3 Armour
 + Level 5.1 Dodging
 + Level 4.8 Stealth
 + Level 2.3 Shields
 + Level 2.3 Unarmed Combat
 + Level 5.5 Spellcasting
 + Level 1.8 Conjurations
 + Level 1.8 Hexes
 + Level 1.8 Summonings
 + Level 1.8 Necromancy
 + Level 1.8 Translocations
 + Level 1.8 Transmutations
 + Level 1.8 Fire Magic
 + Level 7.3 Ice Magic
 + Level 1.8 Air Magic
 + Level 1.8 Earth Magic
 + Level 1.8 Poison Magic
 + Level 2.5 Invocations
 + Level 2.3 Evocations


You had 8 spell levels left.
You knew the following spells:

 Your Spells              Type           Power      Damage    Failure   Level
a - Freeze                Ice            100%       1d11      1%          1
b - Frozen Ramparts       Ice            56%        1d7       1%          3
c - Blink                 Tloc           N/A        N/A       10%         2
A - Ozocubu's Armour      Ice            28%        N/A       1%          3

Your spell library contained the following spells:

 Spells                   Type           Power      Damage    Failure   Level
 Slow                     Hex            10%        N/A       10%         2
 Confusing Touch          Hex            10%        N/A       21%         3
 Lesser Beckoning         Tloc           5%         N/A       21%         3
 Vampiric Draining        Necr           5%         2d6       21%         3
 Hailstorm                Conj/Ice       19%        3d6       22%         4
 Manifold Assault         Tloc           10%        N/A       88%         5


Dungeon Overview and Level Annotations

Branches:
Dungeon (4/15)
 Temple: D:4-7

Altars:
Gozag
Kikubaaqudgha
Uskayaw
Vehumet
Xom

Shops:
D:1 [

Annotations:
D:4 Tutankhamun's ghost, novice TrFi


Innate Abilities, Weirdness & Mutations

You have very sharp teeth.
Your uncanny sense of smell can sniff out nearby items.
Your experience applies equally to all skills.


Message History

You open the door.
There is an open door here.
There is an open door here.
There is an open door here.
There is an open door here.
You open the door.
There is an open door here.
Found a stone staircase leading down.
A goblin comes into view. It is wielding a +0 dagger.
A goblin is nearby!
The goblin shouts!
a - a +1 vorpal mace (weapon)
The goblin hits you with a +0 dagger.
You take 3 damage, and have 41/44 hp.
You hit the goblin. The goblin misses you.
The goblin hits you with a +0 dagger.
You closely miss the goblin. The goblin closely misses you.
You completely miss the goblin. You punch the goblin.
The goblin hits you but does no damage.
You barely miss the goblin. The goblin hits you with a +0 dagger.
The goblin misses you.
You take 2 damage, and have 39/44 hp.
You closely miss the goblin. The goblin hits you with a +0 dagger.
You take 3 damage, and have 36/44 hp.
You closely miss the goblin. The goblin completely misses you.
You hit the goblin.
No target in view!
No target in view!
No target in view!
b - a +0 dagger (weapon)
Things that are here:
a +0 dagger; a goblin corpse; Health restored: 44 You open the door.
There is an open door here.
There is an open door here.
You now have 211 gold pieces (gained 12).
You open the door.
There is an open door here.
o - a smoky black potion
There is an open door here.
As you open the door, it creaks loudly!
There is an open door here.
There is an open door here.
There is an open door here.
There is an open door here.
Found an ancient bone altar of Kikubaaqudgha.
Found a shimmering altar of Xom.
You open the door.
There is an open door here.
Found a radiant altar of Vehumet.
You now have 222 gold pieces (gained 11).
You open the door.
There is an open door here.
You open the door.
There is an open door here.
There is an open door here.
You open the door.
There is an open door here.
There is an open door here.
Could not explore, unopened runed door.
Could not explore, unopened runed door.
Could not explore, unopened runed door.
Okay, then.
You open the door. Tutankhamun's ghost hits you!
The kobold brigand shouts!
You take 16 damage, and have 28/44 hp.
MASSIVE DAMAGE!!
Casting: Frozen Ramparts (dangerous; 2% risk of failure)
Confirm with . or Enter, or press ? or * to list all spells.
A film of ice covers your body! Tutankhamun's ghost hits you.
You take 1 damage, and have 27/44 hp.
You now have 11/14 mp.
Casting: Ozocubu's Armour (dangerous; 2% risk of failure)
Confirm with . or Enter, or press ? or * to list all spells.
Casting: Frozen Ramparts (dangerous; 2% risk of failure)
Press: ? - help, Dir - look around, f - activate The walls around you are covered in ice.
The wall freezes the kobold brigand.
The wall freezes Tutankhamun's ghost.
Tutankhamun's ghost hits you.
The wall freezes the kobold brigand.
You take 6 damage, and have 21/44 hp.
You now have 8/14 mp.
a - a +1 vorpal mace (weapon)
You closely miss Tutankhamun's ghost.
The wall freezes Tutankhamun's ghost.
Tutankhamun's ghost hits you but does no damage.
The wall freezes the kobold brigand.
You hit Tutankhamun's ghost.
The wall freezes Tutankhamun's ghost.
Tutankhamun's ghost hits you!
The wall freezes the kobold brigand!
The wall freezes Tutankhamun's ghost.
Tutankhamun's ghost misses you.
The wall freezes the kobold brigand.
You take 6 damage, and have 15/44 hp.
You hit Tutankhamun's ghost. Your bite misses Tutankhamun's ghost.
The wall freezes Tutankhamun's ghost.
Tutankhamun's ghost barely misses you.
The wall freezes the kobold brigand.
You hit Tutankhamun's ghost but do no damage.
The wall freezes Tutankhamun's ghost.
Tutankhamun's ghost hits you!
* * * LOW HITPOINT WARNING * * *
The wall freezes the kobold brigand.
You have reached level 7!
You take 8 damage, and have 7/50 hp.
You hit Tutankhamun's ghost.
The wall freezes Tutankhamun's ghost!
Tutankhamun's ghost hits you but does no damage.
The wall freezes Tutankhamun's ghost.
Tutankhamun's ghost hits you!
You die...

.......#......##...[#............
.......#......##....#........#+##
.......#....>.##...##........#...
.......#......######.........#...
#......#...........#.........#...
#......#'#######...#.........#...
#......#......##...#.........#...
#....(.'.......#####.........#...
#.>....#......)W@.....##'#####...
#......#....##'##.....'..........
#......##'###§§§#.....#..........
#...........#§§§#.....#..........
............# #.....##....##...
............############....##...
...............#......#..........
...............#......#..........
...............'......#..........


You could see Tutankhamun's ghost.

Vanquished Creatures
  An ogre (D:4)
  A kobold brigand (D:4)
  2 scorpions (D:4)
  A bullfrog skeleton (D:4)
  A hound (D:3)
  7 adders
  An adder skeleton (D:4)
  2 worms (D:2)
  2 dart slugs
  3 orcs (D:3)
  8 ball pythons
  6 endoplasms
  3 giant cockroaches
  10 goblins
  8 hobgoblins
  4 jackals (D:3)
  8 kobolds
  7 quokkas
  6 bats
  5 frilled lizards
  5 rats
91 creatures vanquished.

Vanquished Creatures (others)
  5 demonic plants (D:2)
  3 fungi (D:2)
  3 plants (D:2)
  2 withered plants (D:2)
13 creatures vanquished.

Grand Total: 104 creatures vanquished

Notes
Turn   | Place    | Note
-------+----------+-------------------------------------------
     0 | D:1      | IndexError the Gnoll Ice Elementalist began the quest for
                  | the Orb.
     0 | D:1      | Reached XP level 1. HP: 13/13 MP: 6/6
   302 | D:1      | Reached XP level 2. HP: 19/19 MP: 5/7
   976 | D:1      | Found Hedebel's Armour Emporium.
   988 | D:1      | Reached XP level 3. HP: 25/25 MP: 9/9
   992 | D:1      | Learned a level 3 spell: Frozen Ramparts
   996 | D:1      | Learned a level 3 spell: Ozocubu's Armour
  1052 | D:1      | Reached skill level 5 in Spellcasting
  1370 | D:2      | Reached skill level 1 in Invocations
  1517 | D:2      | Found a faded altar of an unknown god.
  1606 | D:2      | Found a radiant altar of Vehumet.
  1807 | D:2      | Reached skill level 1 in Fighting
  1807 | D:2      | Reached skill level 1 in Short Blades
  1807 | D:2      | Reached skill level 1 in Long Blades
  1807 | D:2      | Reached skill level 1 in Axes
  1807 | D:2      | Reached skill level 1 in Maces & Flails
  1807 | D:2      | Reached skill level 1 in Polearms
  1807 | D:2      | Reached skill level 1 in Staves
  1807 | D:2      | Reached skill level 1 in Slings
  1807 | D:2      | Reached skill level 1 in Bows
  1807 | D:2      | Reached skill level 1 in Crossbows
  1807 | D:2      | Reached skill level 1 in Throwing
  1807 | D:2      | Reached skill level 1 in Armour
  1807 | D:2      | Reached skill level 1 in Shields
  1807 | D:2      | Reached skill level 1 in Unarmed Combat
  1807 | D:2      | Reached skill level 1 in Evocations
  1887 | D:2      | Reached XP level 4. HP: 32/32 MP: 8/11
  2580 | D:3      | Found a hide-covered altar of Uskayaw.
  3039 | D:3      | Reached skill level 1 in Conjurations
  3039 | D:3      | Reached skill level 1 in Hexes
  3039 | D:3      | Reached skill level 1 in Summonings
  3039 | D:3      | Reached skill level 1 in Necromancy
  3039 | D:3      | Reached skill level 1 in Translocations
  3039 | D:3      | Reached skill level 1 in Transmutations
  3039 | D:3      | Reached skill level 1 in Fire Magic
  3039 | D:3      | Reached skill level 1 in Air Magic
  3039 | D:3      | Reached skill level 1 in Earth Magic
  3039 | D:3      | Reached skill level 1 in Poison Magic
  3061 | D:3      | Found an opulent altar of Gozag.
  3179 | D:3      | Reached XP level 5. HP: 37/37 MP: 9/12
  3611 | D:3      | Learned a level 2 spell: Blink
  3653 | D:4      | Reached skill level 2 in Invocations
  3653 | D:4      | Reached XP level 6. HP: 22/44 MP: 8/13
  3873 | D:4      | Found a runed translucent door.
  4048 | D:4      | HP: 4/44 [ogre (14)]
  4051 | D:4      | Reached skill level 2 in Fighting
  4051 | D:4      | Reached skill level 2 in Short Blades
  4051 | D:4      | Reached skill level 2 in Long Blades
  4051 | D:4      | Reached skill level 2 in Axes
  4051 | D:4      | Reached skill level 2 in Maces & Flails
  4051 | D:4      | Reached skill level 2 in Polearms
  4051 | D:4      | Reached skill level 2 in Staves
  4051 | D:4      | Reached skill level 2 in Slings
  4051 | D:4      | Reached skill level 2 in Bows
  4051 | D:4      | Reached skill level 2 in Crossbows
  4051 | D:4      | Reached skill level 2 in Throwing
  4051 | D:4      | Reached skill level 2 in Armour
  4051 | D:4      | Reached skill level 5 in Dodging
  4051 | D:4      | Reached skill level 2 in Shields
  4051 | D:4      | Reached skill level 2 in Unarmed Combat
  4051 | D:4      | Reached skill level 2 in Evocations
  4605 | D:4      | HP: 11/44 [bullfrog skeleton (2)]
  4976 | D:4      | Noticed Tutankhamun's ghost (novice TrFi)
  5244 | D:4      | Found an ancient bone altar of Kikubaaqudgha.
  5249 | D:4      | Found a shimmering altar of Xom.
  5273 | D:4      | Found a radiant altar of Vehumet.
  5406 | D:4      | HP: 6/44 [Tutankhamun's ghost (9)]
  5407 | D:4      | Reached XP level 7. HP: 7/50 MP: 9/15
  5407 | D:4      | Slain by Tutankhamun's ghost

Illustrated notes

Levels and vault maps discovered:
D:1:      dpeg_arrival_oval, layout_basic, serial_shops, shop,
          minmay_pentomino_q4
D:2:      layout_basic, basic_altar, shapermc_ecumenical_altar_gd
D:3:      minmay_chambers_of_threes, layout_basic,
          nicolae_gozag_cash_rules_everything_around_me,
          eat_drink_and_be_merry_uskayaw, kennysheep_cross_room,
          columned_hall_lemuel
D:4:      layout_gridville, lemuel_round_altar, minitemple,
          ebering_ghost_inner_flame, kennysheep_generic_room_9

Skill      XL: |  1  2  3  4  5  6 |
---------------+-------------------+-----
Spellcasting   | 5 |  5.5
Invocations    | 1 2 |  2.5
Fighting       | 1 2 |  2.3
Short Blades   | 1 2 |  2.3
Long Blades    | 1 2 |  2.3
Axes           | 1 2 |  2.3
Maces & Flails | 1 2 |  2.3
Polearms       | 1 2 |  2.3
Staves         | 1 2 |  2.3
Slings         | 1 2 |  2.3
Bows           | 1 2 |  2.3
Crossbows      | 1 2 |  2.3
Throwing       | 1 2 |  2.3
Armour         | 1 2 |  2.3
Shields        | 1 2 |  2.3
Unarmed Combat | 1 2 |  2.3
Evocations     | 1 2 |  2.3
Conjurations   | 1 |  1.8
Hexes          | 1 |  1.8
Summonings     | 1 |  1.8
Necromancy     | 1 |  1.8
Translocations | 1 |  1.8
Transmutations | 1 |  1.8
Fire Magic     | 1 |  1.8
Air Magic      | 1 |  1.8
Earth Magic    | 1 |  1.8
Poison Magic   | 1 |  1.8
Dodging        | 5 |  5.1
Stealth        | |  4.8
Ice Magic      | |  7.3

Action                   |  1- 3 |  4- 6 |  7- 9 || total
-------------------------+-------+-------+-------++-------
Melee: Club              |     4 |       |       ||     4
       Unarmed           |     1 |       |       ||     1
       Dagger            |    16 |    20 |       ||    36
       Mace              |       |    70 |     1 ||    71
       Bite              |       |     4 |       ||     4
       Punch             |       |     2 |       ||     2
 Cast: Freeze            |    39 |    21 |       ||    60
       Ozocubu's Armour  |     1 |     6 |       ||     7
       Frozen Ramparts   |     1 |     6 |       ||     7
 Stab: Sleeping          |     3 |     8 |       ||    11
Armor: Robe              |    11 |    23 |     1 ||    35
Dodge: Dodged            |    35 |    72 |       ||   107

Table legend: (Time is in decaauts)
 A = Elapsed time spent in this place.
 B = Non-inter-level travel time spent in this place.
 C = Inter-level travel time spent in this place.
 D = Time resting spent in this place.
 E = Time spent auto-exploring this place.
 F = Levels seen in this place.
 G = Mean time per level.
                   A        B        C        D        E       F      G
               +--------+--------+--------+--------+--------+-----+--------+
         Total |   5413 |   5082 |    331 |    188 |   4241 |   4 | 1353.2 |
       Dungeon |   5413 |   5082 |    331 |    188 |   4241 |   4 | 1353.2 |
               +--------+--------+--------+--------+--------+-----+--------+

Top non-repeatable levels by time:
     D:4: 1670 daAuts
     D:1: 1467 daAuts
     D:3: 1209 daAuts
     D:2: 1065 daAuts

Table legend:
 A = Kills in this place as a percentage of kills in entire the game.
 B = Kills by you in this place as a percentage of kills by you in the entire game.
 C = Kills by friends in this place as a percentage of kills by friends in the entire game.
 D = Other kills in this place as a percentage of other kills in the entire game.
 E = Experience gained in this place as a percentage of experience gained in the entire game.
 F = Experience gained in this place divided by the number of levels of this place that you have seen.
                   A       B       C       D       E      F
               +-------+-------+-------+-------+-------+----------------------
         Total | 100.0 | 100.0 |   N/A |   N/A | 100.0 | 177.5
       Dungeon | 100.0 | 100.0 |   N/A |   N/A | 100.0 | 177.5
               +-------+-------+-------+-------+-------+----------------------
